[ AOE2 MATCH · #470620685 ]
UnrankedBerbers vs Vikings
[ REPLAY ANALYSIS · EXTRACTED FROM THE RECORDED GAME ]
Feudal
15:09
Castle
19:19
Imperial
39:19
| APM avg | 21.0 |
| APM peak | 42 |
| eAPM avg | 12.7 |
| Villagers / military | 109 / 194 |
Focus
⚔️ 23.8% · 🌾 76.2%
Camel Archer ×152 · Knight ×42 · Fishing Ship ×42
Feudal
17:23
Castle
32:09
Imperial
—
| APM avg | 9.7 |
| APM peak | 32 |
| eAPM avg | 6.8 |
| Villagers / military | 41 / 65 |
Focus
⚔️ 36.5% · 🌾 63.5%
Militia ×59 · Fishing Ship ×25 · Spearman ×6
Feudal
18:06
Castle
23:27
Imperial
40:36
| APM avg | 21.8 |
| APM peak | 52 |
| eAPM avg | 12.1 |
| Villagers / military | 145 / 58 |
Focus
⚔️ 23.3% · 🌾 76.7%
Skirmisher ×37 · Battle Elephant ×21
Feudal
16:37
Castle
—
Imperial
—
| APM avg | 11.8 |
| APM peak | 38 |
| eAPM avg | 7.3 |
| Villagers / military | 41 / 18 |
Focus
⚔️ 23.5% · 🌾 76.5%
Militia ×8 · Fishing Ship ×7 · Skirmisher ×6 · Spearman ×4
Feudal
14:47
Castle
44:18
Imperial
—
| APM avg | 23.4 |
| APM peak | 110 |
| eAPM avg | 5.5 |
| Villagers / military | 49 / 14 |
Focus
⚔️ 36.4% · 🌾 63.6%
Scout Cavalry ×8 · Militia ×6 · Fishing Ship ×6
Feudal
14:46
Castle
35:09
Imperial
—
| APM avg | 5.4 |
| APM peak | 16 |
| eAPM avg | 4.2 |
| Villagers / military | 31 / 69 |
Focus
⚔️ 25.3% · 🌾 74.7%
Longbowman ×53 · Spearman ×8 · Scout Cavalry ×8
Feudal
12:21
Castle
35:14
Imperial
44:32
| APM avg | 16.4 |
| APM peak | 34 |
| eAPM avg | 10.2 |
| Villagers / military | 91 / 41 |
Focus
⚔️ 16.1% · 🌾 83.9%
Longbowman ×40 · Fishing Ship ×37 · Demolition Raft ×1
Feudal
18:10
Castle
26:56
Imperial
—
| APM avg | 10.3 |
| APM peak | 25 |
| eAPM avg | 6.1 |
| Villagers / military | 52 / 6 |
Focus
⚔️ 10.3% · 🌾 89.7%
Janissary ×5 · Mangonel ×1
Match map
Initial resources + every placement click. Lines = walls · curves = elevation contours. ◆ gold · ⬟ stone · ● berries · ✦ relic · ◌ wall gap
Your base· Open — unwalled flank
jaklopsXtreme's base· Open — unwalled flank
123's base· Open — 14t gap
fukencioe's base· Open — unwalled flank
NouShty's base· Open — unwalled flank
salvabdel's base· Open — 5t gap
viperembobym's base· Open — 8t gap
DreamMachine's base· Open — 5t gap
Smoothed initial terrain · ◌ = detected wall gap · hover for details
Inputs per minute
— Samba - - jaklopsXtreme
Build order — Samba
First 150 of 321 actions detected
| 0:16 | Build | Town Center |
| 2:22 | Build | House |
| 2:27 | Create | Villager (Male) |
| 2:28 | Create | Villager (Male) |
| 2:28 | Create | Villager (Male) |
| 2:28 | Create | Villager (Male) |
| 2:28 | Create | Villager (Male) |
| 2:30 | Build | House |
| 3:33 | Build | Mill |
| 3:38 | Create | Villager (Male) |
| 4:23 | Create | Villager (Male) |
| 4:35 | Create | Villager (Male) |
| 4:36 | Create | Villager (Male) |
| 5:10 | Create | Villager (Male) |
| 5:11 | Create | Villager (Male) |
| 5:53 | Create | Villager (Male) |
| 5:53 | Create | Villager (Male) |
| 6:09 | Build | Dock |
| 6:23 | Create | Villager (Male) |
| 6:24 | Create | Villager (Male) |
| 6:33 | Build | House |
| 6:35 | Build | House |
| 6:46 | Create | Villager (Male) |
| 7:28 | Create | Villager (Male) |
| 7:28 | Create | Villager (Male) |
| 7:35 | Create | Fishing Ship |
| 7:35 | Create | Fishing Ship |
| 7:53 | Create | Fishing Ship |
| 7:54 | Create | Villager (Male) |
| 8:20 | Create | Villager (Male) |
| 8:49 | Create | Villager (Male) |
| 8:57 | Build | Dock |
| 8:59 | Create | Villager (Male) |
| 9:30 | Create | Villager (Male) |
| 9:33 | Research | Loom |
| 9:45 | Create | Fishing Ship |
| 9:45 | Create | Fishing Ship |
| 9:45 | Create | Fishing Ship |
| 9:53 | Build | House |
| 9:55 | Build | House |
| 9:58 | Create | Villager (Male) |
| 9:58 | Create | Villager (Male) |
| 10:25 | Create | Fishing Ship |
| 10:25 | Create | Fishing Ship |
| 10:25 | Create | Fishing Ship |
| 10:33 | Create | Villager (Male) |
| 10:33 | Create | Villager (Male) |
| 10:52 | Create | Villager (Male) |
| 10:58 | Create | Fishing Ship |
| 10:58 | Create | Fishing Ship |
| 11:01 | Build | House |
| 11:03 | Build | House |
| 11:04 | Build | House |
| 11:06 | Build | House |
| 11:29 | Build | Mining Camp |
| 12:02 | Build | Lumber Camp |
| 12:06 | Create | Villager (Male) |
| 12:07 | Create | Villager (Male) |
| 12:35 | Research | Feudal Age |
| 12:55 | Create | Fishing Ship |
| 12:55 | Create | Fishing Ship |
| 12:56 | Create | Fishing Ship |
| 13:07 | Build | House |
| 13:09 | Build | House |
| 13:42 | Create | Fishing Ship |
| 13:42 | Create | Fishing Ship |
| 13:42 | Create | Fishing Ship |
| 13:42 | Create | Fishing Ship |
| 13:42 | Create | Fishing Ship |
| 13:44 | Create | Villager (Male) |
| 13:45 | Create | Villager (Male) |
| 13:50 | Build | House |
| 14:48 | Build | Mill |
| 15:09 | Age | Feudal Age |
| 15:18 | Build | Market |
| 15:21 | Build | Blacksmith |
| 15:35 | Create | Fishing Ship |
| 15:35 | Create | Fishing Ship |
| 16:00 | Create | Villager (Male) |
| 16:39 | Research | Castle Age |
| 16:40 | Research | Castle Age |
| 16:40 | Research | Castle Age |
| 17:01 | Research | Tech 906 |
| 17:01 | Create | Fishing Ship |
| 17:01 | Create | Fishing Ship |
| 17:02 | Create | Fishing Ship |
| 17:02 | Create | Fishing Ship |
| 17:02 | Create | Fishing Ship |
| 17:07 | Create | Villager (Male) |
| 17:07 | Create | Villager (Male) |
| 17:07 | Create | Villager (Male) |
| 17:31 | Research | Double-Bit Axe |
| 17:31 | Research | Double-Bit Axe |
| 18:36 | Build | Barracks |
| 18:41 | Research | Gold Mining |
| 19:19 | Age | Castle Age |
| 19:29 | Build | Town Center |
| 19:37 | Research | Bow Saw |
| 19:41 | Create | Villager (Male) |
| 20:03 | Build | Stable |
| 20:08 | Research | Forging |
| 20:09 | Research | Scale Barding Armor |
| 20:35 | Research | Wheelbarrow |
| 21:09 | Create | Knight |
| 21:09 | Create | Knight |
| 21:09 | Create | Knight |
| 21:09 | Create | Knight |
| 21:09 | Create | Knight |
| 21:10 | Create | Knight |
| 21:10 | Create | Knight |
| 21:23 | Create | Villager (Male) |
| 21:23 | Create | Villager (Male) |
| 21:24 | Create | Villager (Male) |
| 21:24 | Create | Villager (Male) |
| 21:29 | Build | Farm |
| 21:29 | Build | Farm |
| 21:29 | Build | Farm |
| 21:40 | Create | Fishing Ship |
| 21:40 | Create | Fishing Ship |
| 21:40 | Create | Fishing Ship |
| 21:41 | Create | Fishing Ship |
| 22:00 | Research | Bloodlines |
| 22:07 | Build | Farm |
| 22:15 | Build | Stable |
| 22:16 | Create | Villager (Male) |
| 22:17 | Create | Villager (Male) |
| 22:17 | Create | Villager (Male) |
| 22:17 | Create | Villager (Male) |
| 22:17 | Create | Villager (Male) |
| 22:18 | Create | Villager (Male) |
| 22:20 | Build | Farm |
| 22:46 | Create | Villager (Male) |
| 22:46 | Create | Villager (Male) |
| 22:46 | Create | Villager (Male) |
| 22:47 | Create | Villager (Male) |
| 23:00 | Build | Dock |
| 23:14 | Create | Villager (Male) |
| 23:16 | Build | Farm |
| 23:29 | Build | Town Center |
| 23:39 | Research | Iron Casting |
| 23:46 | Build | Farm |
| 23:47 | Create | Villager (Male) |
| 23:47 | Create | Villager (Male) |
| 23:47 | Create | Villager (Male) |
| 23:47 | Create | Villager (Male) |
| 23:48 | Create | Villager (Male) |
| 24:02 | Build | Farm |
| 24:26 | Build | Farm |
| 25:01 | Build | Farm |
| 25:04 | Create | Villager (Male) |
Build order — jaklopsXtreme
First 150 of 179 actions detected
| 1:17 | Build | Town Center |
| 3:42 | Create | Villager (Male) |
| 3:43 | Create | Villager (Male) |
| 3:43 | Create | Villager (Male) |
| 3:43 | Create | Villager (Male) |
| 3:43 | Create | Villager (Male) |
| 4:26 | Build | Dock |
| 4:34 | Build | House |
| 4:42 | Research | Loom |
| 4:50 | Create | Villager (Male) |
| 4:50 | Create | Villager (Male) |
| 5:35 | Create | Villager (Male) |
| 5:56 | Build | House |
| 6:06 | Create | Villager (Male) |
| 6:51 | Create | Villager (Male) |
| 7:04 | Create | Fishing Ship |
| 7:08 | Create | Villager (Male) |
| 7:42 | Create | Villager (Male) |
| 7:54 | Build | House |
| 8:03 | Create | Fishing Ship |
| 8:32 | Create | Villager (Male) |
| 8:37 | Create | Fishing Ship |
| 9:20 | Build | Lumber Camp |
| 9:25 | Create | Villager (Male) |
| 9:26 | Create | Villager (Male) |
| 9:38 | Build | House |
| 9:57 | Create | Fishing Ship |
| 10:02 | Create | Villager (Male) |
| 10:34 | Create | Villager (Male) |
| 10:37 | Create | Villager (Male) |
| 10:42 | Create | Fishing Ship |
| 11:10 | Build | House |
| 11:15 | Create | Fishing Ship |
| 11:33 | Create | Fishing Ship |
| 11:39 | Create | Villager (Male) |
| 11:53 | Build | House |
| 11:55 | Create | Villager (Male) |
| 11:58 | Create | Fishing Ship |
| 12:11 | Build | Dock |
| 12:23 | Create | Villager (Male) |
| 12:25 | Create | Villager (Male) |
| 12:29 | Create | Fishing Ship |
| 13:07 | Create | Villager (Male) |
| 13:11 | Create | Fishing Ship |
| 13:16 | Create | Fishing Ship |
| 13:23 | Create | Villager (Male) |
| 13:43 | Create | Fishing Ship |
| 13:46 | Create | Fishing Ship |
| 13:51 | Build | House |
| 14:02 | Create | Fishing Ship |
| 14:24 | Build | Barracks |
| 14:31 | Create | Villager (Male) |
| 14:34 | Create | Fishing Ship |
| 14:42 | Create | Fishing Ship |
| 15:06 | Build | Mining Camp |
| 15:13 | Research | Feudal Age |
| 15:19 | Create | Fishing Ship |
| 15:36 | Build | House |
| 15:56 | Build | Barracks |
| 15:59 | Create | Militia |
| 16:34 | Create | Militia |
| 16:41 | Create | Militia |
| 16:55 | Create | Militia |
| 16:55 | Create | Militia |
| 17:23 | Age | Feudal Age |
| 17:30 | Build | Blacksmith |
| 17:37 | Research | Man-at-Arms (upgrade) |
| 17:49 | Build | House |
| 17:50 | Build | House |
| 17:54 | Research | Tech 906 |
| 17:58 | Create | Fishing Ship |
| 17:58 | Create | Fishing Ship |
| 18:11 | Create | Militia |
| 18:12 | Create | Militia |
| 18:14 | Research | Arson |
| 18:26 | Create | Militia |
| 18:27 | Create | Militia |
| 18:30 | Create | Fishing Ship |
| 18:30 | Create | Fishing Ship |
| 18:55 | Create | Villager (Male) |
| 18:56 | Create | Villager (Male) |
| 19:07 | Research | Scale Mail Armor |
| 19:07 | Research | Forging |
| 19:19 | Build | Barracks |
| 19:38 | Create | Militia |
| 19:38 | Create | Militia |
| 19:53 | Build | Lumber Camp |
| 19:59 | Create | Villager (Male) |
| 20:01 | Create | Villager (Male) |
| 20:24 | Create | Militia |
| 20:24 | Create | Militia |
| 20:39 | Build | House |
| 20:40 | Build | House |
| 20:41 | Build | House |
| 20:46 | Create | Militia |
| 20:46 | Create | Militia |
| 21:29 | Create | Militia |
| 21:30 | Create | Militia |
| 21:30 | Create | Militia |
| 21:30 | Create | Militia |
| 21:35 | Create | Militia |
| 21:35 | Create | Militia |
| 21:43 | Build | House |
| 21:46 | Build | House |
| 21:50 | Create | Militia |
| 21:50 | Create | Militia |
| 22:25 | Create | Militia |
| 22:25 | Create | Militia |
| 22:26 | Create | Militia |
| 22:26 | Create | Militia |
| 22:45 | Create | Militia |
| 22:45 | Create | Militia |
| 22:45 | Create | Militia |
| 23:10 | Create | Militia |
| 23:11 | Create | Militia |
| 23:11 | Create | Militia |
| 23:19 | Create | Militia |
| 23:20 | Create | Militia |
| 23:20 | Create | Militia |
| 24:32 | Create | Militia |
| 24:33 | Create | Militia |
| 24:42 | Create | Militia |
| 24:43 | Create | Militia |
| 24:43 | Create | Militia |
| 24:59 | Create | Militia |
| 25:00 | Create | Militia |
| 25:00 | Create | Militia |
| 25:00 | Create | Militia |
| 25:03 | Create | Villager (Male) |
| 25:03 | Create | Villager (Male) |
| 25:03 | Create | Villager (Male) |
| 25:06 | Create | Fishing Ship |
| 25:07 | Create | Fishing Ship |
| 25:09 | Create | Fishing Ship |
| 25:09 | Create | Fishing Ship |
| 25:21 | Build | House |
| 25:33 | Build | Mill |
| 25:35 | Create | Villager (Male) |
| 25:35 | Create | Villager (Male) |
| 25:56 | Create | Militia |
| 25:56 | Create | Militia |
| 25:57 | Create | Militia |
| 25:57 | Create | Militia |
| 26:32 | Create | Villager (Male) |
| 26:33 | Create | Villager (Male) |
| 27:35 | Create | Militia |
| 27:36 | Create | Militia |
| 27:37 | Create | Villager (Male) |
| 27:37 | Create | Villager (Male) |
| 27:37 | Create | Villager (Male) |
Build order — 123
First 150 of 359 actions detected
| 1:20 | Build | Town Center |
| 2:39 | Build | House |
| 4:09 | Create | Villager (Male) |
| 4:09 | Create | Villager (Male) |
| 4:10 | Create | Villager (Male) |
| 4:10 | Create | Villager (Male) |
| 4:58 | Research | Loom |
| 6:06 | Create | Villager (Male) |
| 6:07 | Create | Villager (Male) |
| 6:49 | Create | Villager (Male) |
| 6:50 | Create | Villager (Male) |
| 6:50 | Create | Villager (Male) |
| 7:09 | Build | House |
| 7:37 | Build | House |
| 8:10 | Create | Villager (Male) |
| 8:10 | Create | Villager (Male) |
| 8:11 | Create | Villager (Male) |
| 8:49 | Create | Villager (Male) |
| 9:48 | Build | Mill |
| 9:57 | Create | Villager (Male) |
| 9:58 | Create | Villager (Male) |
| 9:58 | Create | Villager (Male) |
| 9:58 | Create | Villager (Male) |
| 9:59 | Create | Villager (Male) |
| 10:27 | Build | Farm |
| 10:47 | Build | Farm |
| 10:48 | Build | Farm |
| 10:49 | Build | Farm |
| 10:51 | Build | Farm |
| 10:52 | Build | Farm |
| 11:00 | Create | Villager (Male) |
| 11:01 | Create | Villager (Male) |
| 11:28 | Build | Farm |
| 11:35 | Build | House |
| 11:43 | Build | House |
| 12:05 | Create | Villager (Male) |
| 12:10 | Create | Villager (Male) |
| 12:21 | Build | Farm |
| 12:28 | Build | Farm |
| 12:39 | Build | Farm |
| 12:45 | Build | Farm |
| 12:50 | Build | Farm |
| 12:56 | Create | Villager (Male) |
| 12:56 | Create | Villager (Male) |
| 13:16 | Build | Farm |
| 13:38 | Create | Villager (Male) |
| 13:39 | Create | Villager (Male) |
| 13:41 | Create | Villager (Male) |
| 13:51 | Build | Farm |
| 14:03 | Build | Farm |
| 14:18 | Build | Farm |
| 14:42 | Build | Farm |
| 15:19 | Build | Mining Camp |
| 15:31 | Create | Villager (Male) |
| 15:48 | Research | Feudal Age |
| 16:24 | Build | Farm |
| 16:50 | Create | Villager (Male) |
| 16:50 | Create | Villager (Male) |
| 16:50 | Create | Villager (Male) |
| 17:00 | Build | Farm |
| 17:12 | Build | House |
| 17:16 | Build | House |
| 17:32 | Build | Palisade Wall |
| 17:49 | Build | Palisade Wall |
| 18:06 | Age | Feudal Age |
| 18:15 | Build | Blacksmith |
| 18:59 | Create | Villager (Male) |
| 19:08 | Research | Horse Collar |
| 19:32 | Research | Gold Mining |
| 19:43 | Research | Gold Mining |
| 19:44 | Research | Stone Mining |
| 19:51 | Create | Villager (Male) |
| 20:01 | Build | Market |
| 20:15 | Create | Villager (Male) |
| 20:47 | Research | Castle Age |
| 20:47 | Research | Wheelbarrow |
| 20:53 | Build | Farm |
| 22:35 | Research | Padded Archer Armor |
| 22:36 | Research | Fletching |
| 22:39 | Research | Scale Barding Armor |
| 22:40 | Research | Forging |
| 23:27 | Age | Castle Age |
| 23:34 | Build | Town Center |
| 23:46 | Build | Town Center |
| 23:52 | Create | Villager (Male) |
| 23:52 | Create | Villager (Male) |
| 23:54 | Create | Villager (Male) |
| 24:03 | Research | Heavy Plow |
| 24:33 | Build | Farm |
| 24:54 | Build | Farm |
| 24:58 | Create | Villager (Male) |
| 24:59 | Create | Villager (Male) |
| 25:01 | Research | Hand Cart |
| 25:04 | Create | Villager (Male) |
| 25:12 | Create | Villager (Male) |
| 25:13 | Create | Villager (Male) |
| 25:13 | Create | Villager (Male) |
| 25:13 | Create | Villager (Male) |
| 25:25 | Create | Villager (Male) |
| 25:25 | Create | Villager (Male) |
| 25:26 | Create | Villager (Male) |
| 25:31 | Create | Villager (Male) |
| 25:48 | Build | Lumber Camp |
| 25:55 | Create | Villager (Male) |
| 25:56 | Create | Villager (Male) |
| 26:04 | Build | Farm |
| 26:12 | Build | Farm |
| 26:18 | Build | Farm |
| 26:29 | Build | Farm |
| 26:33 | Create | Villager (Male) |
| 26:34 | Create | Villager (Male) |
| 26:36 | Create | Villager (Male) |
| 26:47 | Build | House |
| 26:49 | Build | House |
| 26:51 | Build | House |
| 26:56 | Create | Villager (Male) |
| 26:58 | Create | Villager (Male) |
| 26:59 | Create | Villager (Male) |
| 27:05 | Create | Villager (Male) |
| 27:07 | Create | Villager (Male) |
| 27:16 | Build | House |
| 27:18 | Build | House |
| 27:27 | Build | House |
| 27:45 | Create | Villager (Male) |
| 27:46 | Create | Villager (Male) |
| 27:47 | Create | Villager (Male) |
| 27:48 | Create | Villager (Male) |
| 27:49 | Create | Villager (Male) |
| 27:58 | Build | Farm |
| 28:01 | Build | Farm |
| 28:09 | Build | Farm |
| 28:16 | Build | House |
| 28:17 | Build | House |
| 28:24 | Build | House |
| 28:25 | Build | House |
| 28:33 | Create | Villager (Male) |
| 28:35 | Create | Villager (Male) |
| 28:36 | Create | Villager (Male) |
| 28:46 | Build | Barracks |
| 28:52 | Build | Barracks |
| 29:00 | Build | House |
| 29:02 | Build | House |
| 29:16 | Create | Villager (Male) |
| 29:17 | Create | Villager (Male) |
| 29:18 | Create | Villager (Male) |
| 29:18 | Create | Villager (Male) |
| 29:20 | Create | Villager (Male) |
| 29:20 | Create | Villager (Male) |
| 29:48 | Build | Archery Range |
| 29:51 | Build | Archery Range |
Build order — fukencioe
117 actions detected in the replay
| 0:43 | Build | Town Center |
| 2:02 | Build | House |
| 2:03 | Build | House |
| 3:01 | Create | Villager (Male) |
| 3:01 | Create | Villager (Male) |
| 3:01 | Create | Villager (Male) |
| 3:02 | Create | Villager (Male) |
| 3:02 | Create | Villager (Male) |
| 3:03 | Research | Loom |
| 4:26 | Create | Villager (Male) |
| 5:57 | Create | Villager (Male) |
| 5:57 | Create | Villager (Male) |
| 5:58 | Create | Villager (Male) |
| 5:58 | Create | Villager (Male) |
| 7:00 | Build | Mule Cart |
| 7:14 | Create | Villager (Male) |
| 7:15 | Create | Villager (Male) |
| 7:25 | Create | Villager (Male) |
| 7:59 | Build | House |
| 8:00 | Build | House |
| 8:53 | Build | Dock |
| 9:23 | Build | Mule Cart |
| 9:53 | Create | Villager (Male) |
| 11:47 | Create | Villager (Male) |
| 11:47 | Create | Villager (Male) |
| 12:24 | Build | Mill |
| 12:43 | Create | Fishing Ship |
| 12:44 | Create | Fishing Ship |
| 12:57 | Build | Farm |
| 12:57 | Build | Farm |
| 12:57 | Build | Farm |
| 14:27 | Research | Feudal Age |
| 14:42 | Build | Farm |
| 14:45 | Build | Farm |
| 16:04 | Build | Farm |
| 16:37 | Age | Feudal Age |
| 16:43 | Research | Wheelbarrow |
| 16:57 | Research | Double-Bit Axe |
| 17:30 | Create | Villager (Male) |
| 17:31 | Create | Villager (Male) |
| 17:32 | Create | Villager (Male) |
| 18:17 | Build | Barracks |
| 19:09 | Research | Man-at-Arms (upgrade) |
| 19:10 | Create | Militia |
| 19:10 | Create | Militia |
| 19:11 | Create | Militia |
| 19:18 | Create | Fishing Ship |
| 19:44 | Research | Horse Collar |
| 21:26 | Create | Militia |
| 21:26 | Create | Militia |
| 21:27 | Create | Militia |
| 21:28 | Create | Militia |
| 21:54 | Create | Militia |
| 22:21 | Build | Watch Tower |
| 22:23 | Create | Villager (Male) |
| 24:27 | Create | Spearman |
| 24:27 | Create | Spearman |
| 24:28 | Create | Spearman |
| 24:28 | Create | Spearman |
| 24:37 | Build | Fish Trap |
| 24:37 | Build | Fish Trap |
| 24:38 | Build | Fish Trap |
| 24:40 | Research | Tech 906 |
| 24:49 | Build | House |
| 24:50 | Build | House |
| 24:51 | Build | House |
| 24:52 | Build | House |
| 24:58 | Create | Villager (Male) |
| 25:24 | Build | Farm |
| 26:52 | Build | Barracks |
| 27:18 | Create | Fishing Ship |
| 27:51 | Create | Villager (Male) |
| 27:51 | Create | Villager (Male) |
| 27:51 | Create | Villager (Male) |
| 27:52 | Create | Villager (Male) |
| 32:00 | Create | Fishing Ship |
| 34:18 | Create | Fishing Ship |
| 34:19 | Create | Fishing Ship |
| 36:01 | Build | Town Center |
| 36:32 | Build | Town Center |
| 37:34 | Create | Villager (Male) |
| 37:34 | Create | Villager (Male) |
| 37:34 | Create | Villager (Male) |
| 37:35 | Create | Villager (Male) |
| 37:35 | Create | Villager (Male) |
| 37:35 | Create | Villager (Male) |
| 37:35 | Create | Villager (Male) |
| 37:35 | Create | Villager (Male) |
| 37:36 | Create | Villager (Male) |
| 37:36 | Create | Villager (Male) |
| 37:36 | Create | Villager (Male) |
| 37:36 | Create | Villager (Male) |
| 37:37 | Create | Villager (Male) |
| 37:37 | Create | Villager (Male) |
| 37:37 | Create | Villager (Male) |
| 37:37 | Create | Villager (Male) |
| 40:07 | Build | Farm |
| 40:12 | Build | House |
| 40:12 | Build | House |
| 40:13 | Build | House |
| 40:13 | Build | House |
| 40:13 | Build | House |
| 40:14 | Build | House |
| 40:14 | Build | House |
| 41:27 | Build | Archery Range |
| 41:36 | Build | House |
| 41:37 | Build | House |
| 41:38 | Build | House |
| 41:38 | Build | House |
| 41:39 | Build | House |
| 42:54 | Build | Barracks |
| 43:19 | Create | Skirmisher |
| 43:20 | Create | Skirmisher |
| 43:20 | Create | Skirmisher |
| 43:20 | Create | Skirmisher |
| 43:21 | Create | Skirmisher |
| 43:21 | Create | Skirmisher |
Build order — NouShty
114 actions detected in the replay
| 0:44 | Build | House |
| 0:54 | Build | Town Center |
| 1:07 | Build | House |
| 3:31 | Create | Villager (Male) |
| 3:31 | Create | Villager (Male) |
| 3:32 | Create | Villager (Male) |
| 3:32 | Create | Villager (Male) |
| 3:32 | Create | Villager (Male) |
| 5:09 | Create | Villager (Male) |
| 5:09 | Create | Villager (Male) |
| 5:53 | Create | Villager (Male) |
| 5:53 | Create | Villager (Male) |
| 5:53 | Create | Villager (Male) |
| 6:31 | Create | Villager (Male) |
| 6:31 | Create | Villager (Male) |
| 7:05 | Create | Villager (Male) |
| 7:06 | Create | Villager (Male) |
| 7:39 | Build | Mining Camp |
| 7:45 | Create | Villager (Male) |
| 7:45 | Create | Villager (Male) |
| 7:47 | Create | Villager (Male) |
| 7:47 | Create | Villager (Male) |
| 8:25 | Create | Villager (Male) |
| 8:25 | Create | Villager (Male) |
| 8:41 | Build | House |
| 8:44 | Build | House |
| 9:43 | Build | Dock |
| 10:34 | Create | Fishing Ship |
| 10:34 | Create | Fishing Ship |
| 11:49 | Build | Barracks |
| 12:37 | Research | Feudal Age |
| 13:11 | Create | Militia |
| 13:25 | Create | Fishing Ship |
| 13:25 | Create | Fishing Ship |
| 14:15 | Create | Militia |
| 14:15 | Create | Militia |
| 14:47 | Age | Feudal Age |
| 14:51 | Build | Watch Tower |
| 15:09 | Build | Blacksmith |
| 15:34 | Build | Watch Tower |
| 16:27 | Build | Watch Tower |
| 17:30 | Create | Militia |
| 17:30 | Create | Militia |
| 17:30 | Create | Militia |
| 18:30 | Build | Watch Tower |
| 19:05 | Create | Villager (Male) |
| 19:05 | Create | Villager (Male) |
| 19:06 | Create | Villager (Male) |
| 19:06 | Create | Villager (Male) |
| 19:06 | Create | Villager (Male) |
| 19:06 | Create | Villager (Male) |
| 20:50 | Build | Watch Tower |
| 21:49 | Build | Watch Tower |
| 22:07 | Build | Stable |
| 23:07 | Create | Scout Cavalry |
| 23:09 | Create | Scout Cavalry |
| 23:14 | Create | Fishing Ship |
| 23:14 | Create | Fishing Ship |
| 23:22 | Build | Mill |
| 26:14 | Create | Scout Cavalry |
| 26:14 | Create | Scout Cavalry |
| 26:14 | Create | Scout Cavalry |
| 26:15 | Create | Scout Cavalry |
| 26:15 | Create | Scout Cavalry |
| 26:16 | Create | Scout Cavalry |
| 27:15 | Build | House |
| 28:11 | Build | Mill |
| 29:02 | Build | Farm |
| 29:03 | Build | Farm |
| 29:04 | Build | Farm |
| 29:04 | Build | Farm |
| 29:05 | Build | Farm |
| 29:12 | Build | Lumber Camp |
| 30:57 | Build | Town Center |
| 32:48 | Build | Mining Camp |
| 32:56 | Create | Villager (Male) |
| 32:56 | Create | Villager (Male) |
| 32:57 | Create | Villager (Male) |
| 32:57 | Create | Villager (Male) |
| 32:57 | Create | Villager (Male) |
| 32:57 | Create | Villager (Male) |
| 32:58 | Create | Villager (Male) |
| 32:58 | Create | Villager (Male) |
| 32:58 | Create | Villager (Male) |
| 32:58 | Create | Villager (Male) |
| 32:58 | Create | Villager (Male) |
| 32:59 | Create | Villager (Male) |
| 32:59 | Create | Villager (Male) |
| 32:59 | Create | Villager (Male) |
| 32:59 | Create | Villager (Male) |
| 32:59 | Create | Villager (Male) |
| 33:00 | Create | Villager (Male) |
| 33:11 | Build | House |
| 35:00 | Build | House |
| 35:01 | Build | House |
| 36:04 | Create | Villager (Male) |
| 36:04 | Create | Villager (Male) |
| 36:04 | Create | Villager (Male) |
| 37:13 | Build | Dock |
| 38:09 | Create | Villager (Male) |
| 38:09 | Create | Villager (Male) |
| 38:10 | Create | Villager (Male) |
| 39:13 | Build | House |
| 39:15 | Build | House |
| 39:16 | Build | House |
| 39:22 | Build | Farm |
| 40:13 | Build | Mining Camp |
| 40:48 | Build | Farm |
| 41:33 | Research | Castle Age |
| 41:38 | Research | Castle Age |
| 42:05 | Build | Archery Range |
| 42:21 | Build | Barracks |
| 44:18 | Age | Castle Age |
| 44:30 | Build | Stable |
Build order — salvabdel
96 actions detected in the replay
| 0:57 | Build | Town Center |
| 3:39 | Create | Villager (Male) |
| 3:40 | Create | Villager (Male) |
| 3:40 | Create | Villager (Male) |
| 3:40 | Create | Villager (Male) |
| 3:41 | Create | Villager (Male) |
| 4:18 | Build | House |
| 5:05 | Build | Mill |
| 5:56 | Create | Villager (Male) |
| 5:57 | Create | Villager (Male) |
| 5:57 | Create | Villager (Male) |
| 5:59 | Create | Villager (Male) |
| 6:54 | Build | House |
| 8:16 | Build | Mill |
| 8:27 | Create | Villager (Male) |
| 9:00 | Create | Villager (Male) |
| 9:59 | Build | Lumber Camp |
| 10:14 | Create | Villager (Male) |
| 10:14 | Create | Villager (Male) |
| 10:53 | Build | Mining Camp |
| 11:26 | Build | House |
| 11:48 | Build | House |
| 12:36 | Research | Feudal Age |
| 13:59 | Create | Villager (Male) |
| 14:01 | Create | Villager (Male) |
| 14:46 | Age | Feudal Age |
| 15:21 | Research | Double-Bit Axe |
| 15:35 | Research | Wheelbarrow |
| 15:54 | Create | Villager (Male) |
| 16:23 | Create | Villager (Male) |
| 16:34 | Build | Farm |
| 16:50 | Build | Farm |
| 16:55 | Build | Farm |
| 17:08 | Build | Farm |
| 17:12 | Build | Farm |
| 17:19 | Build | Farm |
| 17:35 | Build | Farm |
| 17:55 | Create | Villager (Male) |
| 18:49 | Build | Barracks |
| 18:57 | Create | Villager (Male) |
| 19:39 | Research | Gold Mining |
| 19:40 | Research | Stone Mining |
| 20:02 | Build | Stable |
| 20:05 | Build | Stable |
| 20:26 | Create | Villager (Male) |
| 20:27 | Create | Villager (Male) |
| 21:00 | Build | Mill |
| 21:31 | Build | House |
| 21:33 | Build | House |
| 21:35 | Build | House |
| 21:42 | Build | House |
| 21:59 | Create | Scout Cavalry ×3 |
| 22:16 | Create | Villager (Male) |
| 22:53 | Create | Villager (Male) |
| 22:54 | Create | Villager (Male) |
| 22:57 | Create | Villager (Male) |
| 24:25 | Build | Blacksmith |
| 24:40 | Build | Market |
| 24:51 | Create | Scout Cavalry ×5 |
| 25:23 | Research | Forging |
| 26:29 | Create | Spearman ×5 |
| 26:31 | Create | Spearman ×3 |
| 27:55 | Create | Villager (Male) |
| 27:55 | Create | Villager (Male) |
| 28:01 | Create | Villager (Male) |
| 29:43 | Build | Farm |
| 29:48 | Build | Farm |
| 29:52 | Build | Farm |
| 32:29 | Research | Castle Age |
| 34:38 | Research | Fletching |
| 34:39 | Research | Padded Archer Armor |
| 35:09 | Age | Castle Age |
| 35:15 | Build | Castle |
| 35:32 | Build | Lumber Camp |
| 35:39 | Research | Bodkin Arrow |
| 36:20 | Create | Longbowman ×5 |
| 36:20 | Create | Longbowman ×5 |
| 36:20 | Create | Longbowman ×5 |
| 36:21 | Create | Longbowman ×5 |
| 36:38 | Research | Bow Saw |
| 36:44 | Research | Gold Shaft Mining |
| 37:21 | Research | Leather Archer Armor |
| 39:08 | Build | Castle |
| 40:23 | Create | Longbowman ×5 |
| 40:24 | Create | Longbowman ×5 |
| 40:25 | Create | Longbowman ×5 |
| 40:25 | Create | Longbowman ×5 |
| 40:32 | Create | Longbowman ×3 |
| 40:32 | Create | Longbowman ×3 |
| 41:42 | Create | Villager (Male) |
| 41:43 | Create | Villager (Male) |
| 41:44 | Create | Villager (Male) |
| 41:47 | Research | Hand Cart |
| 42:03 | Create | Longbowman ×5 |
| 43:25 | Create | Longbowman |
| 43:25 | Create | Longbowman |
Build order — viperembobym
First 150 of 214 actions detected
| 0:09 | Build | Town Center |
| 2:15 | Build | House |
| 2:32 | Build | House |
| 2:35 | Create | Villager (Male) ×4 |
| 2:36 | Create | Villager (Male) ×4 |
| 3:58 | Create | Villager (Male) |
| 3:58 | Create | Villager (Male) |
| 4:24 | Create | Villager (Male) |
| 4:25 | Create | Villager (Male) |
| 4:43 | Research | Loom |
| 5:15 | Create | Villager (Male) |
| 5:15 | Create | Villager (Male) |
| 5:52 | Create | Villager (Male) |
| 5:52 | Create | Villager (Male) |
| 5:52 | Create | Villager (Male) |
| 6:25 | Build | House |
| 7:03 | Create | Villager (Male) |
| 7:04 | Create | Villager (Male) |
| 7:04 | Create | Villager (Male) |
| 7:05 | Create | Villager (Male) |
| 7:05 | Create | Villager (Male) |
| 7:37 | Build | Mill |
| 9:33 | Build | Lumber Camp |
| 9:46 | Create | Villager (Male) |
| 10:07 | Research | Feudal Age |
| 10:21 | Build | House |
| 10:48 | Create | Villager (Male) |
| 10:48 | Create | Villager (Male) |
| 10:49 | Create | Villager (Male) |
| 10:49 | Create | Villager (Male) |
| 10:49 | Create | Villager (Male) |
| 10:59 | Build | Mining Camp |
| 11:37 | Create | Villager (Male) |
| 11:38 | Create | Villager (Male) |
| 11:38 | Create | Villager (Male) |
| 12:21 | Age | Feudal Age |
| 12:31 | Build | Watch Tower |
| 12:37 | Build | Palisade Wall |
| 12:51 | Create | Villager (Male) |
| 13:30 | Build | Watch Tower |
| 13:33 | Create | Villager (Male) |
| 13:33 | Create | Villager (Male) |
| 14:08 | Build | Mining Camp |
| 14:26 | Create | Villager (Male) |
| 14:26 | Create | Villager (Male) |
| 14:44 | Build | Blacksmith |
| 14:48 | Create | Villager (Male) |
| 14:48 | Create | Villager (Male) |
| 15:04 | Build | Palisade Wall |
| 15:10 | Build | Palisade Wall |
| 15:11 | Build | Palisade Wall |
| 15:29 | Build | House |
| 15:30 | Build | House |
| 15:52 | Create | Villager (Male) |
| 15:52 | Create | Villager (Male) |
| 16:12 | Build | Dock |
| 16:37 | Build | Watch Tower |
| 16:54 | Create | Fishing Ship ×5 |
| 16:55 | Create | Fishing Ship ×5 |
| 17:01 | Build | House |
| 17:19 | Create | Villager (Male) |
| 17:20 | Create | Villager (Male) |
| 17:20 | Create | Villager (Male) |
| 18:42 | Create | Fishing Ship ×5 |
| 18:42 | Create | Fishing Ship ×5 |
| 19:11 | Create | Villager (Male) |
| 19:11 | Create | Villager (Male) |
| 19:12 | Create | Villager (Male) |
| 19:16 | Create | Villager (Male) |
| 19:16 | Create | Villager (Male) |
| 19:38 | Build | Mining Camp |
| 20:02 | Create | Villager (Male) |
| 20:03 | Create | Villager (Male) |
| 20:03 | Create | Villager (Male) |
| 20:22 | Build | Palisade Wall |
| 20:30 | Build | Palisade Wall |
| 21:01 | Build | House |
| 21:02 | Build | House |
| 21:02 | Build | House |
| 22:07 | Create | Villager (Male) |
| 22:08 | Create | Villager (Male) |
| 22:08 | Create | Villager (Male) |
| 22:09 | Create | Villager (Male) |
| 23:01 | Research | Fletching |
| 23:56 | Build | Farm |
| 23:58 | Build | Farm |
| 24:07 | Build | House |
| 24:07 | Build | House |
| 24:42 | Build | House |
| 24:42 | Build | House |
| 25:07 | Build | House |
| 25:07 | Build | House |
| 25:07 | Build | House |
| 25:08 | Build | House |
| 25:08 | Build | House |
| 25:14 | Create | Villager (Male) |
| 25:17 | Build | Farm |
| 25:39 | Build | Watch Tower |
| 25:47 | Build | Palisade Wall |
| 26:42 | Build | Palisade Wall |
| 26:46 | Build | Barracks |
| 26:54 | Build | Palisade Wall |
| 27:03 | Build | Fish Trap |
| 27:05 | Build | Fish Trap |
| 27:05 | Build | Fish Trap |
| 27:06 | Build | Fish Trap |
| 27:07 | Create | Demolition Raft |
| 27:14 | Create | Villager (Male) |
| 27:15 | Create | Villager (Male) |
| 27:36 | Create | Villager (Male) |
| 27:37 | Create | Villager (Male) |
| 27:37 | Create | Villager (Male) |
| 28:40 | Build | Mining Camp |
| 28:52 | Build | Archery Range |
| 28:52 | Build | Archery Range |
| 29:33 | Build | Dock |
| 30:04 | Build | House |
| 30:06 | Build | House |
| 30:14 | Create | Villager (Male) |
| 30:14 | Create | Villager (Male) |
| 30:14 | Create | Villager (Male) |
| 30:45 | Build | Mining Camp |
| 30:55 | Build | Farm |
| 31:07 | Build | Market |
| 31:31 | Build | House |
| 31:32 | Build | House |
| 31:36 | Create | Fishing Ship |
| 31:37 | Create | Fishing Ship |
| 31:37 | Create | Fishing Ship |
| 31:37 | Create | Fishing Ship |
| 32:34 | Research | Castle Age |
| 33:03 | Build | Dock |
| 33:05 | Create | Fishing Ship |
| 33:06 | Create | Fishing Ship |
| 33:06 | Create | Fishing Ship |
| 33:06 | Create | Fishing Ship |
| 33:06 | Create | Fishing Ship |
| 33:22 | Research | Padded Archer Armor |
| 33:49 | Research | Gold Mining |
| 33:53 | Research | Stone Mining |
| 34:26 | Create | Villager (Male) |
| 34:27 | Create | Villager (Male) |
| 34:27 | Create | Villager (Male) |
| 34:27 | Create | Villager (Male) |
| 34:32 | Build | Lumber Camp |
| 35:14 | Age | Castle Age |
| 35:16 | Build | Town Center |
| 35:21 | Create | Fishing Ship |
| 35:21 | Create | Fishing Ship |
| 35:22 | Create | Fishing Ship |
Build order — DreamMachine
109 actions detected in the replay
| 0:57 | Build | Town Center |
| 2:21 | Build | House |
| 3:09 | Build | House |
| 3:11 | Build | House |
| 3:17 | Create | Villager (Male) ×4 |
| 3:17 | Create | Villager (Male) ×4 |
| 3:18 | Research | Loom |
| 3:54 | Build | House |
| 5:12 | Create | Villager (Male) |
| 5:12 | Create | Villager (Male) |
| 6:08 | Create | Villager (Male) |
| 6:09 | Create | Villager (Male) |
| 6:20 | Create | Villager (Male) |
| 6:21 | Create | Villager (Male) |
| 6:21 | Create | Villager (Male) |
| 7:17 | Create | Villager (Male) |
| 7:18 | Create | Villager (Male) |
| 7:59 | Create | Villager (Male) |
| 7:59 | Create | Villager (Male) |
| 8:29 | Create | Villager (Male) |
| 8:29 | Create | Villager (Male) |
| 8:30 | Create | Villager (Male) |
| 8:54 | Create | Villager (Male) |
| 8:54 | Create | Villager (Male) |
| 9:39 | Create | Villager (Male) |
| 9:39 | Create | Villager (Male) |
| 10:05 | Build | Lumber Camp |
| 11:22 | Create | Villager (Male) |
| 12:18 | Create | Villager (Male) |
| 12:18 | Create | Villager (Male) |
| 13:51 | Create | Villager (Male) |
| 13:51 | Create | Villager (Male) |
| 14:01 | Build | House |
| 14:45 | Build | Mining Camp |
| 15:07 | Build | House |
| 15:31 | Build | Mill |
| 15:43 | Build | Mill |
| 16:00 | Research | Feudal Age |
| 18:08 | Build | Palisade Wall |
| 18:10 | Age | Feudal Age |
| 18:16 | Build | Watch Tower |
| 18:34 | Create | Villager (Male) |
| 18:35 | Create | Villager (Male) |
| 19:14 | Build | Blacksmith |
| 19:48 | Build | Farm |
| 19:51 | Create | Villager (Male) |
| 20:02 | Build | Farm |
| 20:04 | Build | Farm |
| 20:05 | Build | Farm |
| 20:07 | Build | Farm |
| 20:08 | Build | Farm |
| 20:10 | Build | Farm |
| 20:49 | Research | Horse Collar |
| 20:55 | Build | Market |
| 21:29 | Build | Mill |
| 21:36 | Build | Farm |
| 21:50 | Build | Lumber Camp |
| 22:24 | Create | Villager (Male) |
| 23:18 | Build | Mill |
| 23:23 | Build | Farm |
| 23:25 | Build | Farm |
| 23:27 | Build | Farm |
| 23:28 | Build | Farm |
| 23:34 | Build | Farm |
| 24:16 | Research | Castle Age |
| 25:02 | Build | House |
| 25:04 | Build | House |
| 25:05 | Build | House |
| 26:38 | Research | Double-Bit Axe |
| 26:53 | Research | Gold Mining |
| 26:55 | Research | Stone Mining |
| 26:56 | Age | Castle Age |
| 27:04 | Build | Castle |
| 27:11 | Research | Wheelbarrow |
| 27:35 | Build | Siege Workshop |
| 27:38 | Create | Villager (Male) |
| 27:39 | Create | Villager (Male) |
| 27:39 | Create | Villager (Male) |
| 27:44 | Research | Heavy Plow |
| 28:26 | Create | Mangonel |
| 28:42 | Create | Villager (Male) |
| 28:43 | Create | Villager (Male) |
| 29:52 | Create | Janissary |
| 29:53 | Create | Janissary |
| 29:53 | Create | Janissary |
| 30:12 | Build | Town Center |
| 32:40 | Build | Lumber Camp |
| 33:13 | Create | Villager (Male) |
| 33:13 | Create | Villager (Male) |
| 34:03 | Build | Town Center |
| 34:25 | Create | Villager (Male) |
| 34:25 | Create | Villager (Male) |
| 34:33 | Research | Bow Saw |
| 35:02 | Create | Villager (Male) |
| 35:03 | Create | Villager (Male) |
| 35:22 | Build | Farm |
| 35:25 | Create | Villager (Male) |
| 35:26 | Create | Villager (Male) |
| 35:39 | Build | Farm |
| 35:58 | Build | Mill |
| 36:06 | Build | Farm |
| 36:08 | Create | Villager (Male) |
| 36:08 | Create | Villager (Male) |
| 36:54 | Create | Janissary |
| 36:54 | Create | Janissary |
| 37:01 | Build | Farm |
| 37:16 | Build | Farm |
| 37:43 | Create | Villager (Male) |
| 37:43 | Create | Villager (Male) |
Match timeline
| 4:26 | jaklopsXtreme · first_building Dock |
| 6:09 | Samba · first_building Dock |
| 8:53 | fukencioe · first_building Dock |
| 9:43 | NouShty · first_building Dock |
| 11:49 | NouShty · first_building Barracks |
| 12:21 | viperembobym · age_up feudal |
| 12:37 | viperembobym · wall_segment Palisade Wall x1 |
| 14:24 | jaklopsXtreme · first_building Barracks |
| 14:46 | salvabdel · age_up feudal |
| 14:47 | NouShty · age_up feudal |
| 15:04 | viperembobym · wall_segment Palisade Wall x1 |
| 15:09 | Samba · age_up feudal |
| 15:10 | viperembobym · wall_segment Palisade Wall x1 |
| 15:11 | viperembobym · wall_segment Palisade Wall x1 |
| 16:12 | viperembobym · first_building Dock |
| 16:37 | fukencioe · age_up feudal |
| 17:23 | jaklopsXtreme · age_up feudal |
| 17:32 | 123 · wall_segment Palisade Wall x1 |
| 17:49 | 123 · wall_segment Palisade Wall x1 |
| 18:06 | 123 · age_up feudal |
| 18:08 | DreamMachine · wall_segment Palisade Wall x1 |
| 18:10 | DreamMachine · age_up feudal |
| 18:17 | fukencioe · first_building Barracks |
| 18:36 | Samba · first_building Barracks |
| 18:49 | salvabdel · first_building Barracks |
| 19:19 | Samba · age_up castle |
| 20:02 | salvabdel · first_building Stable |
| 20:03 | Samba · first_building Stable |
| 20:22 | viperembobym · wall_segment Palisade Wall x1 |
| 20:30 | viperembobym · wall_segment Palisade Wall x1 |
| 22:05 | DreamMachine · first_market_buy 100 food |
| 22:07 | NouShty · first_building Stable |
| 23:23 | Samba · first_market_buy 100 wood |
| 23:26 | Samba · first_market_sell 100 stone |
| 23:27 | 123 · age_up castle |
| 24:09 | Samba · tribute_sent a jugador 1 |
| 24:09 | Samba · tribute_sent a jugador 2 |
| 24:09 | Samba · tribute_sent a jugador 3 |
| 24:09 | Samba · tribute_sent a jugador 4 |
| 24:10 | Samba · tribute_sent a jugador 5 |
| 24:10 | Samba · tribute_sent a jugador 6 |
| 24:10 | Samba · tribute_sent a jugador 7 |
| 25:47 | viperembobym · wall_segment Palisade Wall x1 |
| 26:11 | Samba · first_building Castle |
| 26:37 | Samba · tribute_sent a jugador 1 |
| 26:37 | Samba · tribute_sent a jugador 2 |
| 26:37 | Samba · tribute_sent a jugador 3 |
| 26:37 | Samba · tribute_sent a jugador 4 |
| 26:37 | Samba · tribute_sent a jugador 5 |
| 26:37 | Samba · tribute_sent a jugador 6 |
| 26:37 | Samba · tribute_sent a jugador 7 |
| 26:42 | viperembobym · wall_segment Palisade Wall x1 |
| 26:46 | viperembobym · first_building Barracks |
| 26:54 | viperembobym · wall_segment Palisade Wall x1 |
| 26:56 | DreamMachine · age_up castle |
| 27:04 | DreamMachine · first_building Castle |
| 27:35 | DreamMachine · first_building Siege Workshop |
| 28:46 | 123 · first_building Barracks |
| 28:52 | viperembobym · first_building Archery Range |
| 29:48 | 123 · first_building Archery Range |
| 29:57 | 123 · first_building Stable |
| 30:21 | Samba · tribute_sent a jugador 1 |
| 30:21 | Samba · tribute_sent a jugador 2 |
| 30:21 | Samba · tribute_sent a jugador 3 |
| 30:21 | Samba · tribute_sent a jugador 4 |
| 30:21 | Samba · tribute_sent a jugador 5 |
| 30:21 | Samba · tribute_sent a jugador 6 |
| 30:21 | Samba · tribute_sent a jugador 7 |
| 30:32 | 123 · tribute_sent a jugador 1 |
| 30:32 | 123 · tribute_sent a jugador 3 |
| 30:32 | 123 · tribute_sent a jugador 4 |
| 30:32 | 123 · tribute_sent a jugador 5 |
| 30:32 | 123 · tribute_sent a jugador 6 |
| 30:32 | 123 · tribute_sent a jugador 7 |
| 30:32 | 123 · tribute_sent a jugador 8 |
| 30:52 | 123 · tribute_sent a jugador 1 |
| 30:52 | 123 · tribute_sent a jugador 3 |
| 30:52 | 123 · tribute_sent a jugador 4 |
| 30:52 | 123 · tribute_sent a jugador 5 |
| 30:52 | 123 · tribute_sent a jugador 6 |
| 30:52 | 123 · tribute_sent a jugador 7 |
| 30:52 | 123 · tribute_sent a jugador 8 |
| 32:02 | Samba · first_building Archery Range |
| 32:09 | jaklopsXtreme · age_up castle |
| 33:43 | DreamMachine · first_market_sell 100 food |
| 35:03 | jaklopsXtreme · resign |
| 35:09 | salvabdel · age_up castle |
| 35:14 | viperembobym · age_up castle |
| 35:15 | salvabdel · first_building Castle |
| 35:17 | 123 · first_building Castle |
| 36:02 | 123 · first_market_buy 100 food |
| 37:11 | viperembobym · first_building Castle |
| 39:19 | Samba · age_up imperial |
| 40:36 | 123 · age_up imperial |
| 41:27 | fukencioe · first_building Archery Range |
| 42:05 | NouShty · first_building Archery Range |
| 44:18 | NouShty · age_up castle |
| 44:32 | viperembobym · age_up imperial |
[ AI ANALYSIS · 1 CREDIT ]
What really happened in this match?
Wolo.gg analyzes every decision: build order, eco, micro, common mistakes by bracket. Personalized analysis on WhatsApp or Discord in 30 seconds.
Civ guide
Berbers
Perfil
Samba